 Dungeon Crawl Stone Soup version 0.27.1-34-g3ba077fa99 (webtiles) character file.

Game seed: 2755156012779554428

567 zeram the Covert (level 7, -8/45 HPs)
             Began as an Octopode Brigand on Jan 2, 2022.
             Splashed by a jelly's acid (11 damage)
             ... on level 3 of the Dungeon.
             The game lasted 00:06:35 (5201 turns).

zeram the Covert (Octopode Brigand)                 Turns: 5201, Time: 00:06:35

Health: -8/45      AC:  1    Str: 11    XL:     7   Next: 33%
Magic:  7/7        EV: 13    Int: 15    God:
Gold:   290        SH:  0    Dex: 13    Spells: 6/6 levels left

rFire    . . .     SeeInvis .   a - +3 dagger
rCold    . . .     Faith    .   (no shield)
rNeg     . . .     Spirit   .   (helmet restricted)
rPois    .         Reflect  .   (no amulet)
rElec    .         Harm     .   (no ring)
rCorr    .         Rampage  .   (no ring)
Will     .....                  (no ring)
Stlth    ++++++....             (no ring)
HPRegen  0.15/turn              (no ring)
MPRegen  0.10/turn              (no ring)
                                (no ring)
                                (no ring)

@: mighty
A: almost no armour, amphibious, 8 rings, camouflage 1, gelatinous body 1,
(nimble swimmer 1), tentacles
a: no special abilities


You were on level 3 of the Dungeon.
You visited 1 branch of the dungeon, and saw 4 of its levels.

You collected 290 gold pieces.

Inventory:

Hand Weapons
 a - a +3 dagger (weapon)
Missiles
 b - 32 poisoned darts (quivered)
 c - 2 curare-tipped darts
Scrolls
 e - a scroll of amnesia
 h - a scroll of torment


   Skills:
 - Level 2.0 Fighting
 - Level 2.0 Short Blades
 - Level 2.0 Throwing
 + Level 2.2 Dodging
 + Level 11.4 Stealth


You had 6 spell levels left.
You didn't know any spells.
Your spell library contained the following spells:

 Spells                   Type           Power      Damage    Failure   Level
 Animate Skeleton         Necr           0%         N/A       26%         1
 Apportation              Tloc           0%         N/A       26%         1
 Corona                   Hex            0%         N/A       26%         1
 Summon Small Mammal      Summ           0%         N/A       26%         1


Dungeon Overview and Level Annotations

Branches:
Dungeon (4/15)
 Temple: D:4-7

Altars:


Innate Abilities, Weirdness & Mutations

You cannot wear most types of armour.
You are amphibious.
You can wear up to eight rings at the same time.
Your skin changes colour to match your surroundings (Stealth+).
Your rubbery body absorbs attacks. (AC +1, EV +1)
((You are camouflaged near water. (Stealth+)))
You have tentacles for arms and can constrict up to eight enemies at once.


Message History

You kill the iguana!
A hobgoblin comes into view.
The black bear growls angrily.
The jelly quivers.
The black bear bites you! The black bear closely misses you.
The black bear barely misses you.
The hobgoblin shouts!
You hit the black bear but do no damage.
You grab the black bear.
You constrict the black bear, but do no damage.
The black bear bites you. The black bear claws you. x2
You hit the black bear but do no damage.
You constrict the black bear. The black bear misses you.
The black bear splashes around in the water.
The black bear barely misses you.
You hit the black bear.
The black bear is moderately wounded.
You constrict the black bear. The black bear closely misses you.
The black bear barely misses you. The black bear misses you.
You release your grip on the black bear.
The jelly hits you.
You are splashed with acid!
There is a large open door here.
A kobold comes into view.
It is wielding a +0 short sword and quivering poisoned darts.
Found 15 stones.
Found 27 stones.
There is an escape hatch in the ceiling here.
The jelly hits you.
You are splashed with acid!
* * * LOW HITPOINT WARNING * * *
A mysterious force pulls you upwards. The hatch slams shut behind you.
It was a potion of curing.
You feel better. The jelly closely misses you.
You feel very mighty all of a sudden. The jelly hits you.
You are splashed with acid!
* * * LOW HITPOINT WARNING * * *
You hit the jelly.
Your tentacles burn!
* * * LOW HITPOINT WARNING * * *
The jelly is moderately wounded.
The jelly hits you.
* * * LOW HITPOINT WARNING * * *
You are splashed with acid!
You die...

########## ####........#
##.##.######.### #####
##.J.#.###......#
####...####...@..##...#.#.#
#....#..................#.##
#.##...######.#####.#.##...#
###.###### #.# ##.###.#.###
........# #.# ###.......#
.##.###.# ##'## #.#...#.#
.##.# #.# ##...## #.......#
.##.###.# ##.....##
###.#.### .##.#.#.#
##.......## ##....#


You could see a jelly.

Vanquished Creatures
  4 kobold brigands (D:3)
  An iguana (D:4)
  4 adders
  10 gnolls
  3 dart slugs
  4 orcs (D:3)
  10 endoplasms
  A giant cockroach (D:2)
  2 goblins
  8 hobgoblins
  8 jackals
  2 quokkas
  6 ball pythons
  4 bats
  6 frilled lizards
  53 kobolds
  9 rats
135 creatures vanquished.

Vanquished Creatures (others)
  A plant (D:4)
1 creature vanquished.

Grand Total: 136 creatures vanquished

Notes
Turn   | Place    | Note
-------+----------+-------------------------------------------
     0 | D:1      | zeram the Octopode Brigand began the quest for the Orb.
     0 | D:1      | Reached XP level 1. HP: 14/14 MP: 1/1
   180 | D:1      | Reached skill level 6 in Stealth
   180 | D:1      | Reached XP level 2. HP: 19/19 MP: 2/2
   365 | D:1      | Reached XP level 3. HP: 19/24 MP: 3/3
  1000 | D:1      | Reached skill level 7 in Stealth
  1423 | D:2      | Reached XP level 4. HP: 29/29 MP: 4/4
  2210 | D:2      | Reached skill level 8 in Stealth
  2538 | D:3      | Found a faded altar of an unknown god.
  3168 | D:3      | Reached XP level 5. HP: 10/34 MP: 5/5
  3416 | D:3      | Noticed a kobold brigand
  3448 | D:3      | Killed a kobold brigand
  3449 | D:3      | Reached skill level 9 in Stealth
  3672 | D:3      | Reached XP level 6. HP: 34/39 MP: 6/6
  3992 | D:3      | Reached skill level 10 in Stealth
  4330 | D:3      | Reached XP level 7. HP: 9/45 MP: 7/7
  4551 | D:3      | Reached skill level 11 in Stealth
  5201 | D:3      | Splashed by a jelly's acid

Illustrated notes

Levels and vault maps discovered:
D:1:      roderic_crossed_star, layout_basic
D:2:      minmay_angry_zag, layout_loops_ring, minmay_misc_feat_secret_circle,
          serial_bayou_lagoon_b
D:3:      minmay_goblin_kobold_castle, layout_loops_corners,
          ebering_ecumenical_altar_hall, roderic_three_in_a_row
D:4:      kennysheep_big_flooded_room, layout_cave_pools,
          mainiacjoe_overflow_two_lobes, minmay_temple_entry_waves,
          serial_forest, infiniplex_forest_straight_5,
          infiniplex_forest_corner_1, infiniplex_forest_lined_3,
          infiniplex_forest_clump_double, infiniplex_forest_lined_3_way,
          infiniplex_forest_straight_3, infiniplex_forest_clump_medium

Skill      XL: |  1  2  3  4  5  6  7 |
---------------+----------------------+-----
Stealth        | 6 7 8 9 10 11 | 11.4
Dodging        | 2 |  2.2
Fighting       | |  2.0
Short Blades   | |  2.0
Throwing       | |  2.0

Action                   |  1- 3 |  4- 6 |  7- 9 || total
-------------------------+-------+-------+-------++-------
Melee: Dagger            |    59 |   174 |    21 ||   254
       Tentacles         |     7 |    32 |     4 ||    43
       Constrict         |    11 |    42 |     6 ||    59
Throw: Dart              |       |     8 |    11 ||    19
  Use: Scroll            |       |     8 |       ||     8
       Potion            |       |       |     3 ||     3
 Stab: Sleeping          |    13 |    30 |     4 ||    47
Armor: Skin              |     3 |     5 |       ||     8
Dodge: Dodged            |    24 |    75 |    15 ||   114
